 Dungeon Crawl Stone Soup version 0.31-a0-851-g7ff8af7976 (webtiles) character file.

Game seed: 11272375328185698810

602 Darius099 the Grappler (level 7, -1/66 HPs)
             Began as a Troll Monk on Oct 7, 2023.
             Succumbed to a killer bee's poison
             ... on level 5 of the Dungeon.
             The game lasted 00:17:15 (3019 turns).

Darius099 the Grappler (Troll Monk)                 Turns: 3019, Time: 00:17:15

Health: -1/66      AC:  4    Str: 22    XL:     7   Next: 18%
Magic:  6/6        EV: 10    Int:  6    God:
Gold:   244        SH:  0    Dex: 12    Spells: 6/6 levels left

rFire   . .          .
                       - Unarmed
rCold   . . .        (no shield)
rNeg    . . .        a - +0 robe
rPois   .            (helmet restricted)
rElec   .            (no cloak)
rCorr   .            (gloves unavailable)
SInv    +            (boots unavailable)
Will    .....        (no amulet)
Stlth   +            k - ring of see invisible
HPRegen 1.11/turn    (no ring)
MPRegen 0.10/turn

%: no passive effects
@: lethally poisoned (-1 -> -10), hasted, invisible, very quick
A: large, unfitting armour, claws 3, regeneration 1, shaggy fur 1, tough skin 1
a: no special abilities


You were on level 5 of the Dungeon.
You visited 1 branch of the dungeon, and saw 5 of its levels.

You collected 264 gold pieces.
You spent 20 gold pieces at shops.

Inventory:

Armour
 a - a +0 robe (worn)
Jewellery
 k - a ring of see invisible (left claw)
Wands
 i - a wand of charming (11)
 r - a wand of polymorph (13)
Scrolls
 c - a scroll of teleportation {unknown}
 d - a scroll of poison {unknown}
 e - 3 scrolls of identify
 f - 2 scrolls of vulnerability {unknown}
 g - 2 scrolls of fog {unknown}
 m - a scroll of blinking {unknown}
 o - a scroll of enchant armour {unknown}
Potions
 b - a potion of ambrosia
 j - 3 potions of enlightenment
 l - a potion of heal wounds {unknown}
 n - a potion of berserk rage {unknown}
 p - a potion of curing {unknown}
 s - a potion of cancellation {unknown}


   Skills:
 - Level 2.4 Fighting
 - Level 2.4 Dodging
 + Level 8.4 Unarmed Combat


You had 6 spell levels left.
You didn't know any spells.
Your spell library contained the following spells:

 Spells                   Type           Power      Damage    Failure   Level
 Magic Dart               Conj           0%         1d3       45%         1
 Call Imp                 Summ           0%         N/A       58%         2
 Searing Ray              Conj           0%         2d4       58%         2
 Sublimation of Blood     Necr           0%         N/A       58%         2
 Wereblood                Tmut           0%         N/A       58%         2
 Mephitic Cloud           Conj/Pois/Air  0%         N/A       83%         3
 Fulminant Prism          Conj/Hex       0%         3d5       99%         4
 Summon Hydra             Summ           0%         N/A       100%        7


Dungeon Overview and Level Annotations

Branches:
Dungeon (5/15)
 Temple: D:4-7

Altars:
Uskayaw

Shops:
D:2 *   D:3 =


Innate Abilities, Weirdness & Mutations

You are too large for most types of armour.
You have claws for hands.
Your natural rate of healing is unusually fast.
You are covered in fur. (AC +1)
You have tough skin. (AC +1)


Message History

You are poisoned.
The killer bee poisons you!
The orc priest mumbles some strange prayers to Beogh against you.
Beogh smites you! The killer bee stings you.
You are more poisoned.
The killer bee poisons you!
You feel very sick.
The killer bee attacks as it pursues you!
The killer bee closely misses you.
You feel very sick. The killer bee stings you.
The killer bee closely misses you.
You feel very sick.
You feel sick.
The killer bee attacks as it pursues you!
The killer bee stings you.
You are more poisoned.
The killer bee poisons you!
You feel very sick.
The killer bee attacks as it pursues you!
The killer bee stings you.
* * * LOW HITPOINT WARNING * * *
You are more poisoned.
The killer bee poisons you!
The killer bee stings you but does no damage.
You fade into invisibility!
You feel very sick. The killer bee barely misses you.
The killer bee stings you but does no damage.
The killer bee barely misses you.
You feel very sick. The killer bee stings you.
* * * LOW HITPOINT WARNING * * *
You are lethally poisoned!
The killer bee poisons you! The killer bee barely misses you.
* * * LOW HITPOINT WARNING * * *
You feel very sick.
The killer bee barely misses you. x2; The killer bee stings you.
* * * LOW HITPOINT WARNING * * *
It was a potion of haste.
You feel yourself speed up.
You die...

# #.#o# ##### #.#o#
....######### #o#.#
###.........# #.#y# #
#########.# ##.#.# #
#.####..#o####.# #
####.....y........# #
#........yy..######
########.##.####@####
............####.#
.........##......#
##################


You could see 3 killer bees, an orc priest (unable to see you) and an orc
(unable to see you).

Vanquished Creatures
  A black bear (D:5)
  A gnoll sergeant (D:5)
  3 hounds (D:4)
  A quasit (D:4)
  13 gnolls
  An adder (D:3)
  3 shadow imps (D:4)
  5 white imps
  A worm (D:2)
  2 dart slugs
  4 orcs
  9 ball pythons
  10 endoplasms
  8 giant cockroaches
  9 goblins
  6 hobgoblins
  10 jackals
  6 quokkas
  7 bats
  8 frilled lizards
  16 kobolds
  8 rats
132 creatures vanquished.

Notes
Turn   | Place    | Note
-------+----------+-------------------------------------------
     0 | D:1      | Darius099 the Troll Monk began the quest for the Orb.
     0 | D:1      | Reached XP level 1. HP: 22/22 MP: 0/0
   264 | D:1      | Reached XP level 2. HP: 29/29 MP: 1/1
   437 | D:1      | Reached skill level 4 in Unarmed Combat
   464 | D:1      | Reached XP level 3. HP: 36/36 MP: 2/2
   748 | D:2      | Found Wupsekio's General Store.
   758 | D:2      | Bought a scroll of identify for 20 gold pieces
   893 | D:2      | Reached XP level 4. HP: 21/44 MP: 3/3
   894 | D:2      | Reached skill level 5 in Unarmed Combat
  1253 | D:3      | Found Rabe's Jewellery Shop.
  1420 | D:3      | Reached XP level 5. HP: 20/50 MP: 4/4
  1680 | D:3      | Reached skill level 6 in Unarmed Combat
  2055 | D:4      | Found a hide-covered altar of Uskayaw.
  2099 | D:4      | Identified the orb of Contentment {light, Contam rElec rC+}
  2238 | D:4      | Reached XP level 6. HP: 51/59 MP: 5/5
  2325 | D:4      | Reached skill level 7 in Unarmed Combat
  2826 | D:5      | Entered Level 5 of the Dungeon
  2932 | D:5      | Reached skill level 8 in Unarmed Combat
  2932 | D:5      | Reached XP level 7. HP: 53/66 MP: 6/6
  3018 | D:5      | HP: 2/66 [killer bee (6)]
  3019 | D:5      | Succumbed to a killer bee's poison

Illustrated notes

Levels and vault maps discovered:
D:1:      dpeg_arrival_castle, layout_loops_cross, minmay_octomino_e4
D:2:      layout_rooms, serial_shops, shop, minmay_fractal_squares_gapless_5
D:3:      layout_loops_ring, serial_shops, shop, serial_rivers,
          chequers_serial_rivers_micro_b, chequers_serial_rivers_marsh,
          chequers_serial_rivers_large_b, chequers_serial_rivers_room_a,
          chequers_serial_rivers_micro_e, chequers_serial_rivers_room_a
D:4:      kennysheep_six_static_rooms, layout_loops_cross,
          trog_three_pillars_becter, eat_drink_and_be_merry_uskayaw,
          serial_demonic, serial_demonic_c, serial_demonic_e, serial_demonic_a,
          serial_demonic_c, uniq_pikel
D:5:      gammafunk_steamed_eel, layout_loops_ring, gup_sewer_entry_spiral,
          st_stairs_9

Skill      XL: |  1  2  3  4  5  6 |
---------------+-------------------+-----
Unarmed Combat | 4 5 6 8 |  8.4
Fighting       | |  2.4
Dodging        | |  2.4

Action                     |  1- 3 |  4- 6 |  7- 9 || total
---------------------------+-------+-------+-------++-------
  Melee: Unarmed           |   121 |   170 |    15 ||   306
         Punch             |       |     4 |       ||     4
    Use: Scroll            |       |     2 |       ||     2
         Potion            |       |       |     2 ||     2
   Stab: Sleeping          |     1 |       |       ||     1
 Armour: Robe              |    96 |   134 |    16 ||   246
  Dodge: Dodged            |    92 |    83 |    10 ||   185

Table legend: (Time is in decaauts)
 A = Elapsed time spent in this place.
 B = Non-inter-level travel time spent in this place.
 C = Inter-level travel time spent in this place.
 D = Time resting spent in this place.
 E = Time spent auto-exploring this place.
 F = Levels seen in this place.
 G = Mean time per level.
                   A        B        C        D        E       F      G
               +--------+--------+--------+--------+--------+-----+--------+
         Total |   2986 |   2898 |     88 |    146 |   1135 |   5 |  597.2 |
       Dungeon |   2986 |   2898 |     88 |    146 |   1135 |   5 |  597.2 |
               +--------+--------+--------+--------+--------+-----+--------+

Top non-repeatable levels by time:
     D:4: 841 daAuts
     D:3: 760 daAuts
     D:1: 705 daAuts
     D:2: 491 daAuts
     D:5: 187 daAuts
